 Dungeon Crawl Stone Soup version 0.23.2 (webtiles) character file.

Game seed: 13396413836031904826

79 Borgoz the Cutter (level 4, -4/27 HPs)
             Began as a Gargoyle Gladiator on Apr 9, 2019.
             Slain by Crazy Yiuf
             ... wielding a +3 quarterstaff of chaos
              (22 damage)
             ... on level 2 of the Dungeon.
             The game lasted 00:02:42 (2121 turns).

Borgoz the Cutter (Gargoyle Gladiator)              Turns: 2121, Time: 00:02:44

Health: -4/27      AC:  7    Str: 18    XL:     4   Next: 38%
Magic:  3/4        EV: 12    Int:  8    God:
Gold:   72         SH:  0    Dex: 12    Spells: 3/3 levels left

rFire    . . .     SeeInvis .   a - +0 rapier
rCold    . . .     Gourm    .   (no shield)
rNeg     + . .     Faith    .   b - +0 leather armour
rPois    ∞         Spirit   .   c - +0 helmet
rElec    +         Reflect  .   (no cloak)
rCorr    .         Harm     .   (no gloves)
MR       .....                  (no boots)
Stlth    +.........             (no amulet)
HPRegen  0.09/turn              (no ring)
MPRegen  0.09/turn              (no ring)

@: no status effects
A: negative energy resistance 1, electricity resistance, unbreathing,
petrification resistance, rot immunity, AC +3
a: no special abilities


You were on level 2 of the Dungeon.
You were near starving.

You visited 1 branch of the dungeon, and saw 2 of its levels.

You collected 72 gold pieces.

Inventory:

Hand Weapons
 a - a +0 rapier (weapon)
 s - a cursed -3 dagger
Missiles
 d - 2 throwing nets (quivered)
Armour
 b - a +0 leather armour (worn)
 c - a +0 helmet (worn)
Scrolls
 e - 2 scrolls of enchant weapon {unknown}
 h - 2 scrolls of fog {unknown}
 i - a scroll of identify {unknown}
 j - a scroll of blinking {unknown}
 k - a scroll of magic mapping {unknown}
 q - a scroll of remove curse {unknown}
 r - a scroll of amnesia {unknown}
Potions
 g - 2 potions of agility {unknown}
 m - a potion of ambrosia {unknown}
 n - a potion of lignification {unknown}
 o - a potion of brilliance {unknown}
 p - 2 potions of magic {unknown}
Comestibles
 f - 5 rations


   Skills:
 + Level 2.7 Fighting
 * Level 3.3 Short Blades
 - Level 1.7 Throwing
 + Level 1.2 Armour
 * Level 3.0 Dodging
 + Level 1.4 Stealth


You had 3 spell levels left.
You didn't know any spells.
Your spell library was empty.

Dungeon Overview and Level Annotations

Branches:
Dungeon (2/15)

Altars:
Fedhas

Annotations:
D:2 exclusion: oklob plant, Crazy Yiuf


Innate Abilities, Weirdness & Mutations

You are resistant to torment.
Your stone body is resilient. (AC +3)
You are immune to poison.
You resist negative energy. (rN+)
You are resistant to electric shocks. (rElec)
You can survive without breathing.
You are immune to petrification.
You are immune to rotting.


Message History

Crazy Yiuf is heavily wounded.
Crazy Yiuf cries, "Adder ragdoll cloud!"
Crazy Yiuf struggles against the net.
The net rips apart, and Crazy Yiuf comes free!
You barely miss Crazy Yiuf.
Crazy Yiuf is heavily wounded.
Crazy Yiuf hits you with a +3 quarterstaff of chaos!
You feel your power leaking away.
You hit Crazy Yiuf.
Crazy Yiuf is severely wounded.
Crazy Yiuf barely misses you.
You hit Crazy Yiuf but do no damage.
Crazy Yiuf is severely wounded.
You hit Crazy Yiuf.
Crazy Yiuf is severely wounded.
Crazy Yiuf says, "Action light Xom!"
Crazy Yiuf hits you with a +3 quarterstaff of chaos.
Space warps horribly around you!!
Ouch! That really hurt!
You die...

#...##.# #.# #...#..#
#.# ##.##..# #.#
.#.#...## ###
.###....#
..#.....##♣♣♣♣♣
.)#.....#.P.♣.♣♣♣ ###
()...........♣..♣#...#
.##........P♣♣♣♣@g...#
.##.....#.P♣♣ ♣♣#..)#
.##.....##♣♣ ###
..#.....# #.#.....#
#.......#####
##..........#
#..........#
##.>........#######


You could see Crazy Yiuf.

Vanquished Creatures
  2 adders (D:2)
  A worm (D:2)
  5 dart slugs
  2 leopard geckos
  2 bats
  4 giant cockroaches
  7 goblins
  3 hobgoblins
  5 jackals (D:2)
  7 kobolds
  4 rats
42 creatures vanquished.

Vanquished Creatures (others)
  8 toadstools (D:2)
8 creatures vanquished.

Grand Total: 50 creatures vanquished

Notes
Turn   | Place    | Note
-------+----------+-------------------------------------------
     0 | D:1      | Borgoz the Gargoyle Gladiator began the quest for the Orb.
     0 | D:1      | Reached XP level 1. HP: 12/12 MP: 1/1
   191 | D:1      | Reached XP level 2. HP: 15/17 MP: 2/2
   547 | D:1      | Reached skill level 1 in Stealth
   549 | D:1      | Reached XP level 3. HP: 15/22 MP: 3/3
   787 | D:2      | Reached skill level 1 in Armour
   897 | D:2      | Reached XP level 4. HP: 23/27 MP: 4/4
  1537 | D:2      | Found a blossoming altar of Fedhas.
  1550 | D:2      | Noticed an oklob plant
  1823 | D:2      | Found a runed translucent door.
  1824 | D:2      | Noticed Crazy Yiuf
  2121 | D:2      | Slain by Crazy Yiuf

Skill      XL: |  1  2  3  4 |
---------------+-------------+-----
Short Blades   | 3 |  3.3
Stealth        | 1 |  1.4
Armour         | 1 |  1.2
Dodging        | 3 |  3.0
Fighting       | |  2.7
Throwing       | |  1.7

Action                   |  1- 3 |  4- 6 || total
-------------------------+-------+-------++-------
Melee: Rapier            |    91 |    36 ||   127
Throw: Throwing net      |     2 |     1 ||     3
 Stab: Sleeping          |     2 |       ||     2
  Eat: Chunk             |       |     2 ||     2
Armor: Leather armour    |    34 |    11 ||    45
Dodge: Dodged            |    65 |    11 ||    76
